 Dungeon Crawl Stone Soup version 0.29-a0-1052-g6990b1bffc (webtiles) character file.

Game seed: 12537435965810588734

1214 quixfox the Conjurer (level 8, -9/52 HPs)
             Began as a Demonspawn Conjurer on Aug 18, 2022.
             Mangled by Maggie
             ... wielding a +0 war axe of flaming
              (13 damage)
             ... on level 6 of the Dungeon.
             The game lasted 00:16:00 (7585 turns).

quixfox the Conjurer (Demonspawn Conjurer)          Turns: 7585, Time: 00:16:01

Health: -9/52      AC:  4    Str:  8    XL:     8   Next: 22%
Magic:  15/15      EV: 12    Int: 22    God:
Gold:   349        SH:  0    Dex: 11    Spells: 6/17 levels left

rFire   . . .      SeeInvis .   t - +9 staff of Olgreb {rPois∞}
rCold   + . .      Faith    .   (no shield)
rNeg    . . .      Spirit   .   a - +0 robe
rPois   ∞          Reflect  .   f - +1 helmet
rElec   .          Harm     .   (no cloak)
rCorr   .          Rampage  .   (no gloves)
Will    .....                   (no boots)
Stlth   ++........              j - amulet of Yjoxud {Acrobat rPois rC+}
HPRegen 0.17/turn               v - ring of flight
MPRegen 0.14/turn               (no ring)

@: flying, mesmerised
A: powered by pain 1, sturdy frame 1, weakness stinger 1
a: Evoke the Staff of Olgreb


You were on level 6 of the Dungeon.
You visited 1 branch of the dungeon, and saw 7 of its levels.
You also visited: Ossuary.

You collected 349 gold pieces.

Inventory:

Hand Weapons
 t - the +9 staff of Olgreb (weapon) {rPois∞}
   (You found it on level 3 of the Dungeon)

   If the wielder is skilled in Evocations, they can envenom those struck by it,
   dealing poison damage which bypasses armour.
   It enhances your poison magic.
   It grants immunity to poison.
   It can be activated via the 'a'bility menu to radiate toxic energy, with
   effectiveness depending on Evocations skill.
Missiles
 m - a throwing net
Armour
 a - a +0 robe (worn)
 d - a +1 ring mail of positive energy
 f - a +1 helmet (worn)
Jewellery
 j - the amulet of Yjoxud (around neck) {Acrobat rPois rC+}
   (You found it on level 2 of the Dungeon)

   [amulet of the acrobat]

   It increases your evasion while moving and waiting.
   rC:        It protects you from cold.
   rPois:     It protects you from poison.
 v - a ring of flight (left hand)
Wands
 u - a wand of flame (23)
Scrolls
 c - 3 scrolls of teleportation {unknown}
 k - a scroll of enchant armour
 p - 6 scrolls of identify
 q - 2 scrolls of fear {unknown}
 r - a scroll of enchant weapon
 s - a scroll of amnesia
Potions
 b - 2 potions of magic
 e - 2 potions of brilliance {unknown}
 g - 6 potions of curing
 h - 3 potions of flight {unknown}
 i - a potion of might {unknown}
 l - 2 potions of attraction {unknown}
 n - 4 potions of heal wounds {unknown}
 o - 3 potions of cancellation {unknown}


   Skills:
 - Level 1.7 Dodging
 - Level 1.7 Stealth
 + Level 5.2 Spellcasting
 + Level 6.6 Conjurations
 + Level 3.3 Fire Magic
 + Level 4.3 Earth Magic


You had 6 spell levels left.
You knew the following spells:

 Your Spells              Type           Power      Damage    Failure   Level
a - Magic Dart            Conj           100%       1d8       1%          1
b - Searing Ray           Conj           70%        2d7       1%          2
c - Iskenderun's Mystic   Conj/Tloc      20%        2d6       26%         4
d - Sandblast             Erth           48%        2d12      1%          1
e - Conjure Flame         Conj/Fire      27%        6-21      3%          3

Your spell library contained the following spells:

 Spells                   Type           Power      Damage    Failure   Level
 Shock                    Conj/Air       80%        1d8       2%          1
 Stone Arrow              Conj/Erth      58%        3d10      3%          3
 Passwall                 Tmut/Erth      12%        N/A       6%          2
 Dazzling Flash           Conj/Hex       40%        N/A       8%          3
 Sticky Flame             Conj/Fire      27%        2d5       13%         4
 Ignite Poison            Fire/Tmut/Pois 15%        N/A       19%         3
 Fulminant Prism          Conj/Hex       10%        3d9       26%         4
 Swiftness                Air            5%         N/A       30%         3
 Airstrike                Air            2%         2d(1-17)  69%         4


Dungeon Overview and Level Annotations

Branches:
Dungeon (7/15)            Ossuary (visited)
 Temple: D:4-7

Altars:
Ashenzari
Cheibriados
Nemelex Xobeh
Qazlal

Annotations:
D:3 Ijyb
D:6 Maggie


Innate Abilities, Weirdness & Mutations

You sometimes gain a little power by taking damage.
Your movements are slightly less encumbered by armour. (ER -2)
You have a small tail.


Message History

Maggie gestures wildly while chanting.
Maggie attempts to bespell you! You resist with some effort.
The blast of sand hits Maggie but does no damage.
Maggie is lightly wounded.
The blast of sand misses Maggie.
Maggie gestures at you while chanting. The bolt of fire misses you.
Casting: Sandblast (safe; 1% risk of failure)
Confirm with . or Enter, or press ? or * to list all spells.
Okay, then.
Okay, then.
The blast of sand hits Maggie.
Maggie is moderately wounded.
Maggie gestures wildly while chanting.
Maggie attempts to bespell you!
You are mesmerised by Maggie!
The blast of sand hits Maggie.
Maggie is moderately wounded.
Maggie hits you with a +0 war axe of flaming!
Maggie burns you. Maggie misses you.
The blast of sand hits Maggie.
Maggie is moderately wounded.
Maggie hits you with a +0 war axe of flaming!
Maggie burns you.
You are too injured to fight recklessly!
You are too injured to fight recklessly!
You are too injured to fight recklessly!
You are too injured to fight recklessly!
You are too injured to fight recklessly!
Aiming: Sandblast (safe; 1% risk of failure)
Press: ? - help, Q - select action, (/) - cycle Shift-Dir - straight line, f/p - Maggie
Aim: Maggie, wielding a +0 war axe of flaming and wearing +0 acid dragon scales (moderately wounded, mesmerising, 83% to hit)
The blast of sand hits Maggie!
Maggie is heavily wounded.
Maggie hits you with a +0 war axe of flaming!!
* * * LOW HITPOINT WARNING * * *
You focus on the pain.
You feel your power returning. Maggie burns you.
* * * LOW HITPOINT WARNING * * *
Maggie hits you with a +0 war axe of flaming!
You die...

...##..# #@#
..#####.#
........## ..
......#..# ...
......##.#
###...
.........#
......
....###@.##....#
.. #.@.#...##..
. #.<.........
#...###........
##.. ###......
.... .....# ....
.##.# ..#. ## #
..##


You could see Maggie (mesmerising).

Vanquished Creatures
  A water moccasin (D:5)
  A centaur (D:5)
  A bullfrog (D:6)
  3 scorpions (D:5)
  A jelly (D:5)
  A howler monkey (D:5)
  2 hounds (D:5)
  2 orc priests (D:5)
  4 iguanas
  An orc wizard (D:5)
  13 mummies (Ossuary)
  8 gnolls
  11 adders
  A shadow imp (D:6)
  A white imp (D:5)
  An ufetubus (D:7)
  3 worms
  2 dart slugs (D:1)
  A bat (D:1)
  3 endoplasms (D:2)
  A giant cockroach (D:1)
  10 goblins
  5 hobgoblins
  8 jackals
  13 kobolds
  2 quokkas
  6 ball pythons
  9 frilled lizards
  2 gnoll skeletons (Ossuary)
  A goblin skeleton (Ossuary)
  3 kobold skeletons (Ossuary)
  2 orc skeletons (Ossuary)
  4 rats
  11 rat skeletons (Ossuary)
138 creatures vanquished.

Vanquished Creatures (others)
  A plant (D:1)
1 creature vanquished.

Grand Total: 139 creatures vanquished

Notes
Turn   | Place    | Note
-------+----------+-------------------------------------------
     0 | D:1      | quixfox the Demonspawn Conjurer began the quest for the
                  | Orb.
     0 | D:1      | Reached XP level 1. HP: 13/13 MP: 3/3
   516 | D:1      | Gained mutation: Your movements are slightly less
                  | encumbered by armour. (ER -2) [demonic ancestry]
   516 | D:1      | Reached XP level 2. HP: 19/19 MP: 1/5
  1056 | D:1      | Found a faded altar of an unknown god.
  1376 | D:1      | Learned a level 2 spell: Searing Ray
  1446 | D:2      | Gained mutation: You sometimes gain a little power by
                  | taking damage. [demonic ancestry]
  1446 | D:2      | Reached XP level 3. HP: 24/24 MP: 0/7
  2079 | D:2      | Reached XP level 4. HP: 29/30 MP: 1/8
  2157 | D:2      | Identified the amulet of Yjoxud {Acrobat rPois rC+}
  2611 | D:2      | Reached skill level 5 in Conjurations
  3115 | D:2      | Reached XP level 5. HP: 35/35 MP: 7/10
  3242 | D:3      | Learned a level 4 spell: Iskenderun's Mystic Blast
  3333 | D:3      | Learned a level 1 spell: Sandblast
  3359 | D:3      | Noticed Ijyb
  3426 | D:3      | Identified the +2 hand axe of Ysyan {vamp, rC+++ Str-4
                  | Int-4 Stlth+}
  3463 | D:3      | Learned a level 3 spell: Conjure Flame
  3756 | D:3      | Found the +9 staff of Olgreb {rPois∞}
  3916 | D:4      | You fall into a shaft and drop 3 floors!
  4119 | D:7      | Reached skill level 1 in Earth Magic
  4375 | D:6      | Reached skill level 1 in Fire Magic
  4375 | D:6      | Reached XP level 6. HP: 39/41 MP: 1/12
  4514 | D:6      | Noticed Maggie
  4531 | D:5      | Entered Level 5 of the Dungeon
  4639 | D:5      | Found a sand-covered staircase.
  4715 | Ossuary  | Entered an ossuary
  4936 | Ossuary  | Reached XP level 7. HP: 46/46 MP: 7/13
  5607 | Ossuary  | Reached skill level 6 in Conjurations
  5865 | D:4      | Found a stormy altar of Qazlal.
  5866 | D:4      | Found a broken altar of Ashenzari.
  5868 | D:4      | Found a sparkling altar of Nemelex Xobeh.
  5870 | D:4      | Found a snail-covered altar of Cheibriados.
  7068 | D:5      | Gained mutation: You have a small tail. [demonic ancestry]
  7068 | D:5      | Reached XP level 8. HP: 51/52 MP: 11/15
  7099 | D:5      | Reached skill level 5 in Spellcasting
  7585 | D:6      | Mangled by Maggie

Illustrated notes

Levels and vault maps discovered:
D:1:      minmay_arrival_doors, layout_loops_ring,
          shapermc_ecumenical_altar_mp_urbaneastern
D:2:      minmay_thinvault, layout_loops_cross, chequers_jeans,
          minmay_misc_feat_chi, reono_crystal_passage
D:3:      kennysheep_the_goblin_king, layout_basic, glass_columns_a
D:4:      layout_rooms, grunt_temple_overflow_open
D:5:      layout_loops_corners, nicolae_ossuary_entry_false_entrances,
          minmay_misc_feat_enclosed
D:6:      layout_cave_pools, uniq_duvessa, uniq_maggie, uniq_edmund
D:7:      layout_layer_cave, palyth_temple_overflow_mages, temple_fountains,
          ebering_ghost_disaster_area, minmay_misc_feat_doors

Skill      XL: |  1  2  3  4  5  6  7  8 |
---------------+-------------------------+-----
Spellcasting   | 3 4 5 |  5.2
Conjurations   | 5 6 |  6.6
Earth Magic    | 1 3 4 |  4.3
Fire Magic     | 1 3 |  3.3
Dodging        | |  1.7
Stealth        | |  1.7

Action                   |  1- 3 |  4- 6 |  7- 9 || total
-------------------------+-------+-------+-------++-------
Melee: Unarmed           |     6 |       |       ||     6
       Short sword       |     4 |       |       ||     4
       Punch             |     1 |       |       ||     1
       Staff             |       |     7 |       ||     7
 Cast: Magic Dart        |    78 |    69 |     8 ||   155
       Searing Ray       |     6 |    20 |    23 ||    49
       Sandblast         |       |       |    51 ||    51
  Use: Scroll            |       |     9 |       ||     9
Armor: Robe              |     3 |     8 |       ||    11
Dodge: Dodged            |    17 |    54 |    25 ||    96

Table legend: (Time is in decaauts)
 A = Elapsed time spent in this place.
 B = Non-inter-level travel time spent in this place.
 C = Inter-level travel time spent in this place.
 D = Time resting spent in this place.
 E = Time spent auto-exploring this place.
 F = Levels seen in this place.
 G = Mean time per level.
                   A        B        C        D        E       F      G
               +--------+--------+--------+--------+--------+-----+--------+
         Total |   7612 |   7446 |    166 |   1192 |   4628 |   8 |  951.5 |
       Dungeon |   6529 |   6363 |    166 |    856 |   4102 |   7 |  932.7 |
       Ossuary |   1082 |   1082 |      0 |    336 |    526 |   1 | 1082.0 |
               +--------+--------+--------+--------+--------+-----+--------+

Top non-repeatable levels by time:
     D:2: 1933 daAuts
     D:5: 1539 daAuts
     D:1: 1304 daAuts
 Ossuary: 1082 daAuts
     D:3: 568 daAuts
     D:4: 531 daAuts
     D:7: 500 daAuts
     D:6: 153 daAuts
